 Dungeon Crawl Stone Soup version 0.26-a0-708-g17f3b190f9 (webtiles) character file.

Game seed: 10194490604209064071

80 sugabear the Cutter (level 4, 0/23 HPs)
             Began as a Vine Stalker Gladiator on Oct 27, 2020.
             Slain by an ice beast (9 damage)
             ... on level 2 of the Dungeon.
             The game lasted 00:02:23 (1991 turns).

sugabear the Cutter (Vine Stalker Gladiator)        Turns: 1991, Time: 00:02:24

Health: 0/23       AC:  4    Str: 16    XL:     4   Next: 39%
Magic:  0/5        EV: 13    Int:  8    God:
Gold:   60         SH:  0    Dex: 17    Spells: 3/3 levels left

rFire    . . .     SeeInvis .   l - +2 dagger (venom)
rCold    . . .     Faith    .   (no shield)
rNeg     . . .     Spirit   +   b - +0 leather armour
rPois    .         Reflect  .   c - +0 helmet
rElec    .         Harm     .   (no cloak)
rCorr    .         Rampage  .   (no gloves)
MR       .....                  (no boots)
Stlth    ++........             (no amulet)
HPRegen  0.47/turn              (no ring)
MPRegen  0.09/turn              (no ring)

@: no status effects
A: fangs 2, regeneration 1, magic shield, antimagic bite, no potion heal 3, rot
immunity
a: no special abilities


You were on level 2 of the Dungeon.
You visited 1 branch of the dungeon, and saw 2 of its levels.

You collected 60 gold pieces.

Inventory:

Hand Weapons
 a - a +0 rapier
 l - a +2 dagger of venom (weapon)
 o - a +1 hand axe of freezing
Missiles
 d - 3 throwing nets (quivered)
 h - 3 boomerangs
Armour
 b - a +0 leather armour (worn)
 c - a +0 helmet (worn)
 q - a scarf of harm
Scrolls
 f - a scroll of random uselessness {unknown}
 g - a scroll of remove curse {unknown}
 j - a scroll of enchant weapon {unknown}
 m - 2 scrolls of identify {unknown}
Potions
 e - a potion of brilliance {unknown}
 i - a potion of curing {unknown}
 k - a potion of haste {unknown}
 n - a potion of heal wounds {unknown}
 p - a potion of stabbing {unknown}


   Skills:
 + Level 2.3 Fighting
 + Level 3.6 Short Blades
 + Level 1.8 Throwing
 + Level 0.8 Armour
 + Level 2.8 Dodging
 + Level 0.7 Stealth


You had 3 spell levels left.
You didn't know any spells.
Your spell library contained the following spells:

 Spells                   Type           Power        Failure   Level
 Magic Dart               Conj           #...         47%         1
 Blink                    Tloc           N/A          63%         2
 Call Imp                 Summ           #.......     63%         2
 Slow                     Hex            #.......     63%         2
 Conjure Flame            Conj/Fire      #.......     85%         3
 Mephitic Cloud           Conj/Pois/Air  #.......     85%         3


Dungeon Overview and Level Annotations

Branches:
Dungeon (2/15)

Altars:
Yredelemnul


Innate Abilities, Weirdness & Mutations

You have extremely sharp teeth.
Your natural rate of healing is unusually fast.
When hurt, damage is shared between your health and your magic reserves.
Your bite disrupts and absorbs the magic of your enemies.
Potions cannot restore your health.
You are immune to rotting.


Message History

You see here a glowing scarf.
q - a glowing scarf The ice beast closely misses you.
You hit the ice beast. You bite the ice beast. You drain its power.
The ice beast is moderately wounded.
The ice beast hits you but does no damage.
You closely miss the ice beast. You bite the ice beast. You drain its power.
The ice beast is moderately wounded.
You hit the ice beast.
You bite the ice beast, but do no damage.
The ice beast is moderately wounded.
The ice beast hits you. The ice beast freezes you!
You hit the ice beast. Your bite misses the ice beast.
The ice beast is heavily wounded.
The ice beast closely misses you.
You hit the ice beast but do no damage.
You bite the ice beast, but do no damage.
The ice beast is heavily wounded.
The ice beast hits you. The ice beast freezes you!
You die...

........### #....# .######...#
#.!..# ...# #...# #....# .#.#
#...######....# ...#
#.^...........
.######...........#
)..†....#.........#
.######.#.......Y.###
................@...# ######
#######'########....# #.....
#..............#....# #.....
....#...†......#....# #.....
#.#............#....# #.....
#.##.###########....# #.....
#.##..##########################.
..........................>......
..###....#.#########.....#....###


You could see an ice beast.

Vanquished Creatures
  2 adders (D:2)
  2 worms (D:2)
  2 dart slugs (D:2)
  A leopard gecko (D:1)
  2 ball pythons (D:1)
  A giant cockroach (D:2)
  9 hobgoblins
  7 bats
  3 frilled lizards (D:2)
  7 goblins
  7 kobolds
  8 rats
51 creatures vanquished.

Notes
Turn   | Place    | Note
-------+----------+-------------------------------------------
     0 | D:1      | sugabear the Vine Stalker Gladiator began the quest for the
                  | Orb.
     0 | D:1      | Reached XP level 1. HP: 11/11 MP: 2/2
   159 | D:1      | Reached skill level 3 in Short Blades
   159 | D:1      | Reached XP level 2. HP: 15/15 MP: 3/3
   443 | D:1      | Reached XP level 3. HP: 14/18 MP: 4/4
  1424 | D:2      | Found a basalt altar of Yredelemnul.
  1555 | D:2      | Gained mutation: Your natural rate of healing is unusually
                  | fast. [Vine Stalker growth]
  1555 | D:2      | Reached XP level 4. HP: 23/23 MP: 5/5
  1979 | D:2      | Noticed an ice beast
  1991 | D:2      | Slain by an ice beast

Illustrated notes

Levels and vault maps discovered:
D:1:      tarquinn_simple_flora_water_d, layout_rooms, st_stairs_14,
          minmay_split_cup_large
D:2:      layout_basic, minmay_misc_feat_five, chequers_mini_garden,
          yredelemnul_altar_generic

Skill      XL: |  1  2 |
---------------+-------+-----
Short Blades   | 3 |  3.6
Fighting       | 2 |  2.3
Throwing       | |  1.8
Armour         | |  0.8
Dodging        | |  2.8
Stealth        | |  0.7

Action                   |  1- 3 |  4- 6 || total
-------------------------+-------+-------++-------
Melee: Rapier            |    70 |       ||    70
       Bite              |    26 |    10 ||    36
       Dagger            |    29 |    37 ||    66
 Stab: Sleeping          |       |     3 ||     3
Armor: Leather armour    |    31 |    10 ||    41
Dodge: Dodged            |    78 |    17 ||    95

Table legend: (Time is in decaauts)
 A = Elapsed time spent in this place.
 B = Non-inter-level travel time spent in this place.
 C = Inter-level travel time spent in this place.
 D = Time resting spent in this place.
 E = Time spent auto-exploring this place.
 F = Levels seen in this place.
 G = Mean time per level.
                   A        B        C        D        E       F      G
               +--------+--------+--------+--------+--------+-----+--------+
         Total |   1984 |   1923 |     61 |      0 |   1605 |   2 |  992.0 |
       Dungeon |   1984 |   1923 |     61 |      0 |   1605 |   2 |  992.0 |
               +--------+--------+--------+--------+--------+-----+--------+

Top non-repeatable levels by time:
     D:1: 1039 daAuts
     D:2: 945 daAuts
